[Event "Marienbad Open GM 2020"]
[Site "Marianske Lazne"]
[Date "2020.01.18"]
[Round "1.1"]
[White "Dev, Shah"]
[Black "Bai, Adelard"]
[Result "1/2-1/2"]
[ECO "D16"]
[WhiteElo "2320"]
[BlackElo "2430"]
[Annotator "ChessBase"]
[PlyCount "43"]
[EventDate "2020.01.18"]
[EventType "tourn"]
[EventCountry "CZE"]
[SourceTitle "playchess.com"]
[Source "ChessBase"]
[SourceQuality "1"]
[TimeControl "40/5400+30:1800+30"]

1. d4 d5 2. c4 c6 3. Nc3 Nf6 4. Nf3 dxc4 5. a4 e6 6. e3 c5 7. Bxc4 cxd4 8. exd4 Nc6 9. O-O Be7 10. Qe2 O-O 11. Rd1 Nb4 12. Bg5 h6 13. Bxf6 Bxf6 14. Ne4 b6 15. Ne5 Bh4 16. Ra3 Bb7 17. Rh3 Rc8 18. Qg4 Bg5 19. Bxe6 fxe6 20. Qxe6+ Kh7 21. Qg6+ Kg8 22. Qe6+ 1/2-1/2

[Event "Marienbad Open GM 2020"]
[Site "Marianske Lazne"]
[Date "2020.01.22"]
[Round "6.3"]
[White "Dev, Shah"]
[Black "Kovalev, Andrei"]
[Result "0-1"]
[ECO "A21"]
[WhiteElo "2320"]
[BlackElo "2489"]
[Annotator "ChessBase"]
[PlyCount "81"]
[EventDate "2020.01.18"]
[EventType "tourn"]
[EventCountry "CZE"]
[SourceTitle "playchess.com"]
[Source "ChessBase"]
[SourceQuality "1"]
[TimeControl "40/5400+30:1800+30"]

1. d4 d6 2. c4 e5 3. Nc3 exd4 4. Qxd4 Nf6 5. e4 g6 6. Nf3 Bg7 7. Qd2 O-O 8. Bd3 Nc6 9. O-O Bg4 10. Ne1 Re8 11. Nc2 Ne5 12. f3 Be6 13. b3 c6 14. Ba3 d5 15. cxd5 cxd5 16. Rad1 Qb6+ 17. Kh1 Nxd3 18. Qxd3 dxe4 19. fxe4 Ng4 20. Nd4 Rad8 21. Nce2 Qc7 22. g3 Qa5 23. Bc1 Qxa2 24. Rd2 Qa5 25. Qb5 Qxb5 26. Nxb5 Rxd2 27. Bxd2 Bxb3 28. Rf4 Rxe4 29. Rxe4 Nf2+ 30. Kg2 Nxe4 31. Be3 Bc4 32. Nbd4 a5 33. Kf3 f5 34. g4 Bxe2+ 35. Nxe2 a4 36. Bc1 b5 37. gxf5 gxf5 38. Ba3 Nd2+ 39. Kf4 Nc4 40. Bb4 a3 41. Nc1 0-1

[Event "Marienbad Open GM 2020"]
[Site "Marianske Lazne"]
[Date "2020.01.24"]
[Round "8.1"]
[White "Bai, Adelard"]
[Black "Makarian, Rudik"]
[Result "0-1"]
[ECO "E11"]
[WhiteElo "2430"]
[BlackElo "2403"]
[Annotator "NA"]
[PlyCount "82"]
[EventDate "2020.01.18"]
[EventType "tourn"]
[EventCountry "CZE"]
[SourceTitle "playchess.com"]
[Source "ChessBase"]
[SourceQuality "1"]
[TimeControl "40/5400+30:1800+30"]

1. d4 Nf6 2. c4 e6 3. Nf3 d5 4. g3 Bb4+ 5. Bd2 Be7 6. Bg2 O-O 7. O-O Nbd7 8. Qc2 c6 9. Rd1 a5 10. b3 b5 11. Ne5 Nxe5 12. dxe5 Nd7 13. Bc3 Ba6 14. Nd2 Qb8 15. cxd5 cxd5 16. e4 Rc8 17. Qb2 Nc5 18. exd5 Nd3 19. Qb1 Nxf2 20. Ne4 Nxd1 21. Qxd1 Bb7 22. d6 Bxe4 23. Bxe4 Rxc3 24. dxe7 Qa7+ 25. Kh1 Re8 26. Qh5 g6 27. Qh6 Qe3 28. Qh4 Rc1+ 29. Rxc1 Qxc1+ 30. Kg2 Qc7 31. Qf4 Qxe7 32. h4 Kg7 33. h5 h6 34. hxg6 fxg6 35. Bd3 Qf7 36. Qe3 b4 37. Qe4 Rd8 38. Kg1 Rd7 39. Qe3 Qe7 40. Bb5 Rd5 41. Bc4 Qc5 0-1

[Event "Marienbad Open GM 2020"]
[Site "Marianske Lazne"]
[Date "2020.01.24"]
[Round "8.3"]
[White "Quesada Perez, Luis Ernesto"]
[Black "Baenziger, Fabian"]
[Result "1-0"]
[ECO "A20"]
[WhiteElo "2491"]
[BlackElo "2412"]
[Annotator "ChessBase"]
[PlyCount "65"]
[EventDate "2020.01.18"]
[EventType "tourn"]
[EventCountry "CZE"]
[SourceTitle "playchess.com"]
[Source "ChessBase"]
[SourceQuality "1"]
[TimeControl "40/5400+30:1800+30"]

1. c4 e5 2. g3 Nf6 3. Bg2 c6 4. d4 exd4 5. Qxd4 Na6 6. Nf3 Bc5 7. Qe5+ Be7 8. O-O O-O 9. Nc3 Re8 10. Rd1 Bb4 11. Qd4 Nc5 12. Bg5 Ne6 13. Bxf6 Nxd4 14. Bxd8 Nxf3+ 15. Bxf3 Rxd8 16. Ne4 d5 17. a3 Ba5 18. cxd5 cxd5 19. Nc5 Bb6 20. Na4 Be6 21. Nxb6 axb6 22. Rac1 Rd7 23. Rd4 Kf8 24. Rb4 Rd6 25. Kf1 Rad8 26. Ke1 Ke7 27. Rb5 R8d7 28. Rc8 Kf6 29. Kd2 Bf5 30. Rc3 Be6 31. Rcb3 d4 32. R3b4 d3 33. e4 1-0